 Dungeon Crawl Stone Soup version 0.24-a0-165-g1b465fe (webtiles) character file.

1379 sl00ts the Carver (level 8, -2/65 HPs)
             Began as a Minotaur Monk on Nov 25, 2018.
             Was a Believer of Okawaru.
             Slain by an orc warrior
             ... wielding a +0 long sword
              (10 damage)
             ... on level 6 of the Dungeon on Mar 6, 2019.
             The game lasted 00:18:05 (5560 turns).

sl00ts the Carver (Minotaur Monk)                   Turns: 5560, Time: 00:18:06

Health: -2/65      AC:  9    Str: 20    XL:     8   Next: 39%
Magic:  5/7        EV: 17    Int:  7    God:    Okawaru [**....]
Gold:   314        SH:  0    Dex: 14    Spells: 7/7 levels left

rFire    . . .     SeeInvis .   v - +3 quarterstaff of the Hidden Vale {crush, Str+3}
rCold    . . .     Gourm    .   (shield currently unavailable)
rNeg     . . .     Faith    .   o - +1 leather armour
rPois    +         Spirit   .   (helmet restricted)
rElec    .         Reflect  .   (no cloak)
rCorr    .         Harm     .   f - +0 pair of gloves
MR       .....                  (no boots)
Stlth    ++++......             (no amulet)
HPRegen  0.20/turn              l - ring of stealth
MPRegen  0.10/turn              h - ring of poison resistance

@: heroism
A: retaliatory headbutt, horns 2, rugged brown scales 1, thin metallic scales 1,
shaggy fur 1
a: Heroism, Renounce Religion


You were on level 6 of the Dungeon.
You worshipped Okawaru.
Okawaru was pleased with you.
You were not hungry.

You visited 2 branches of the dungeon, and saw 7 of its levels.
You also visited: Sewer.

You collected 314 gold pieces.

Inventory:

Hand Weapons
 a - a +0 falchion
 r - a +3 flail of crushing
 s - a +1 hand axe of distortion
 v - the +3 quarterstaff of the Hidden Vale (weapon) {crush, Str+3}
   (You took it off a crimson imp on level 5 of the Dungeon)

   It inflicts extra damage upon your enemies.
   It affects your strength (+3).
Armour
 b - a +0 robe
 f - a +0 pair of gloves (worn)
 o - a +1 leather armour (worn)
 q - the +0 robe of Mental Paralysis {rElec}
   (You found it on level 6 of the Dungeon)

   It insulates you from electricity.
Jewellery
 h - a ring of poison resistance (right hand)
 l - a ring of stealth (left hand)
 w - an uncursed ring of fire
Wands
 m - a wand of polymorph (7)
Scrolls
 i - a scroll of noise
 n - 4 scrolls of remove curse
 t - a scroll of teleportation
 u - a scroll of amnesia
 x - a scroll of enchant armour
Potions
 e - a potion of lignification {unknown}
 g - 2 potions of mutation
 j - a potion of might
 k - a potion of haste {unknown}
 p - a potion of berserk rage {unknown}
Comestibles
 c - 8 rations


   Skills:
 - Level 3.6(8.6) Fighting
 * Level 12.5(17.5) Long Blades
 - Level 3.2(8.2) Dodging
 - Level 1.5(6.5) Stealth


You had 7 spell levels left.
You didn't know any spells.
Your spell library contained the following spells:

 Spells                   Type           Power        Failure   Level  Hunger
 Magic Dart               Conj           #...         47%         1    ##.....
 Searing Ray              Conj           #.....       63%         2    ###....
 Dazzling Spray           Conj/Hex       #.....       85%         3    ####...
 Force Lance              Conj/Tloc      #.......     99%         4    #####..
 Fulminant Prism          Conj/Hex       #.........   99%         4    #####..
 Iskenderun's Mystic Bla  Conj           #.......     99%         4    #####..


Dungeon Overview and Level Annotations

Branches:
Dungeon (6/15)             Temple (1/1) D:5

Altars:
Ashenzari
Cheibriados
Dithmenos
Elyvilon
Fedhas
Gozag
Hepliaklqana
Kikubaaqudgha
Makhleb
Nemelex Xobeh
Okawaru
Qazlal
Ru
Sif Muna
Trog
Uskayaw
Vehumet
Wu Jian
Xom
Yredelemnul
Zin
The Shining One


Innate Abilities, Weirdness & Mutations

You reflexively headbutt those who attack you in melee.
You have a pair of horns on your head.
You are partially covered in rugged brown scales. (AC +1, +3% HP)
You are partially covered in thin metallic scales. (AC +2)
You are covered in fur. (AC +1)


Message History

You closely miss the orc warrior. Your headbutt misses the orc warrior.
The orc warrior is severely wounded.
The orc wizard hits you but does no damage.
The orc warrior completely misses you. The orc wizard casts a spell at you.
The magic dart hits you.
* * * LOW HITPOINT WARNING * * *
You hit the orc warrior but do no damage.
The orc warrior is severely wounded.
The orc wizard closely misses you.
The orc warrior hits you with a +0 long sword.
* * * LOW HITPOINT WARNING * * *
The orc wizard points at you and mumbles some strange words.
The puff of flame hits you!
* * * LOW HITPOINT WARNING * * *
The orc wizard hits you but does no damage.
You gain the combat prowess of a mighty hero.
The orc wizard barely misses you.
The orc warrior hits you with a +0 long sword!
You die...

...).............
......###'###....
......##...# ...
.......+...####### ####
.......#...##....#
..$##
..##..##.........# ....
..###+##...##....# ...
......##...##....# ..#
...........##..o@# ..##
...........##..oo##...#
..##..##...##....'.o..#
..##..##...##....##).##
......<.....#....# ..#
.......)))..#....# ..+
......##†..#[....+ ..#
.......#####.....# ..#
.#####.# #.##### ..#


You could see an orc warrior and 2 orc wizards.

Vanquished Creatures
  2 ice beasts (D:5)
  Purgy (Sewer)
  2 ogres (D:5)
  A water moccasin zombie (D:5)
  2 crimson imps
  A centaur skeleton (D:4)
  5 orc priests
  3 iguanas
  An orc wizard (D:5)
  10 worker ants
  A hound zombie (D:5)
  A hound skeleton (D:5)
  A howler monkey skeleton (D:6)
  3 gnolls (D:6)
  7 adders
  A shadow imp (D:5)
  An ooze (D:3)
  An adder skeleton (D:4)
  7 worms
  A dart slug (D:2)
  11 leopard geckos
  17 orcs
  A ball python (D:1)
  12 bats
  6 giant cockroaches
  3 goblins (D:1)
  9 hobgoblins
  11 jackals (D:4)
  2 quokkas
  5 frilled lizards
  A jackal skeleton (D:4)
  3 kobolds
  A leopard gecko skeleton (D:4)
  8 rats
142 creatures vanquished.

Notes
Turn   | Place    | Note
-------+----------+-------------------------------------------
     0 | D:1      | sl00ts the Minotaur Monk began the quest for the Orb.
     0 | D:1      | Reached XP level 1. HP: 19/19 MP: 0/0
   293 | D:1      | Reached skill level 4 in Long Blades
   341 | D:1      | Reached XP level 2. HP: 26/26 MP: 1/1
   892 | D:2      | Reached skill level 5 in Long Blades
   949 | D:2      | Reached XP level 3. HP: 28/31 MP: 2/2
  1406 | D:2      | Found an opulent altar of Gozag.
  1759 | D:2      | Found a radiant altar of Vehumet.
  1786 | D:2      | Found a bloodstained altar of Trog.
  1786 | D:2      | Found a basalt altar of Yredelemnul.
  1833 | D:3      | Reached skill level 6 in Long Blades
  1833 | D:3      | Reached XP level 4. HP: 39/39 MP: 3/3
  2049 | D:3      | Reached XP level 5. HP: 29/45 MP: 4/4
  2062 | D:3      | Reached skill level 7 in Long Blades
  2871 | D:4      | Found a glowing drain.
  2886 | Sewer    | Entered a sewer
  3056 | Sewer    | Noticed Purgy
  3060 | Sewer    | Killed Purgy
  3060 | Sewer    | Reached skill level 8 in Long Blades
  3060 | Sewer    | Reached XP level 6. HP: 41/51 MP: 5/5
  3298 | D:4      | Reached skill level 9 in Long Blades
  3507 | D:4      | Reached XP level 7. HP: 57/57 MP: 6/6
  3789 | D:4      | Upgraded the game from 0.23-a0-455-ge12115f to
                  | 0.24-a0-165-g1b465fe
  3821 | D:5      | Entered Level 5 of the Dungeon
  3828 | D:5      | Reached skill level 10 in Long Blades
  4117 | D:5      | Identified the cursed +3 quarterstaff of the Hidden Vale
                  | {crush, Str+3}
  4267 | D:5      | Reached skill level 11 in Long Blades
  4281 | D:5      | Found a staircase to the Ecumenical Temple.
  4350 | D:5      | Reached XP level 8. HP: 33/64 MP: 7/7
  4707 | D:5      | Reached skill level 12 in Long Blades
  4917 | D:5      | Found an opulent altar of Gozag.
  4981 | Temple   | Entered the Ecumenical Temple
  5061 | Temple   | Became a worshipper of Warmaster Okawaru
  5061 | Temple   | Reached * piety under Okawaru
  5061 | Temple   | Reached ** piety under Okawaru
  5487 | D:6      | Gained mutation: You are partially covered in rugged brown
                  | scales. (AC +1, +3% HP) [potion of mutation]
  5487 | D:6      | Gained mutation: You are covered in fur. (AC +1) [potion of
                  | mutation]
  5487 | D:6      | Gained mutation: You are partially covered in thin metallic
                  | scales. (AC +2) [potion of mutation]
  5496 | D:6      | Got a heavy robe
  5508 | D:6      | Identified the cursed +0 robe of Mental Paralysis {rElec}
                  | (You found it on level 6 of the Dungeon)
  5560 | D:6      | Slain by an orc warrior

Levels and vault maps discovered:
D:1:      dpeg_arrival_tiny_i, minmay_shallow_snake_nest
D:2:      lemuel_doored_altar, fiery_altar_vehumet,
          gammafunk_temple_overflow_elements, first_ration
D:4:      gup_sewer_entry_pipe
D:5:      layout_rooms, minmay_temple_entry_gardened_gates,
          nicolae_gozag_cash_rules_everything_around_me
D:6:      layout_gridville, fedhas_altar_1
Temple:   dpeg_five_rooms_temple

Skill      XL: |  1  2  3  4  5  6  7  8 |
---------------+-------------------------+-----
Long Blades    | 4 5 6 8 9 11 12 | 12.5
Fighting       | |  3.6
Dodging        | |  3.2
Stealth        | |  1.5

Action                   |  1- 3 |  4- 6 |  7- 9 || total
-------------------------+-------+-------+-------++-------
Melee: Falchion          |    74 |     4 |       ||    78
       Headbutt          |    18 |    15 |    20 ||    53
       Flail             |       |   124 |    60 ||   184
       Quarterstaff      |       |       |    51 ||    51
Invok: Heroism           |       |       |     1 ||     1
  Use: Scroll            |       |    11 |     4 ||    15
       Potion            |       |     4 |     3 ||     7
 Stab: Sleeping          |     4 |     5 |     2 ||    11
       Distracted        |       |     1 |       ||     1
  Eat: Chunk             |     1 |     4 |       ||     5
       Ration            |       |     1 |     2 ||     3
Armor: Robe              |     3 |       |       ||     3
       Leather armour    |     5 |    33 |    45 ||    83
Dodge: Dodged            |    45 |   132 |    84 ||   261
       Rpst.: Falchion   |    10 |     3 |       ||    13

Table legend:
 A = Non-vault XP
 B = Vault XP
 C = Vault XP percentage of total XP
 D = Non-vault monster count
 E = Vault monster count
 F = Vault count percentage of total count
                 A         B        C        D         E       F
            +---------+---------+-------+---------+---------+-------
      Total |    1812 |     159 |   8.1 |     127 |      15 |  10.6
            +---------+---------+-------+---------+---------+-------
        D:1 |      24 |       2 |   7.7 |      13 |       1 |   7.1
        D:2 |      70 |       0 |   0.0 |      20 |       0 |   0.0
        D:3 |     125 |       0 |   0.0 |      26 |       0 |   0.0
        D:4 |     431 |      21 |   4.6 |      33 |       8 |  19.5
        D:5 |     911 |       0 |   0.0 |      21 |       0 |   0.0
        D:6 |     251 |       0 |   0.0 |      14 |       0 |   0.0
      Sewer |       0 |     136 | 100.0 |       0 |       6 | 100.0
            +---------+---------+-------+---------+---------+-------
